 Seeded DCSS version 0.30.0-29-ga12c61a403 (webtiles) character file.

Game seed: 7229806256980976716 (custom seed)

25 OTABOTABOTAB the Shield-Bearer (level 3, 20/20 HPs)
             Began as a Vine Stalker Fighter on June 24, 2023.
             Quit the game on level 1 of the Dungeon.
             The game lasted 00:01:42 (744 turns).

OTABOTABOTAB the Shield-Bearer (VSFi)                Turns: 744, Time: 00:01:43

Health: 20/20      AC:  6    Str: 20    XL:     3   Next: 4%
Magic:  4/4        EV:  9    Int:  8    God:
Gold:   2240       SH:  4    Dex: 13    Spells: 2/2 levels left

rFire   . . .        a - +0 rapier
rCold   . . .        c - +0 buckler
rNeg    . . .        b - +0 scale mail
rPois   .            (no helmet)
rElec   .            (no cloak)
rCorr   .            (no gloves)
SInv    .            (no boots)
Will    .....        (no amulet) Stlth
                     (no ring)
HPRegen 0.23/turn    (no ring)
MPRegen 0.09/turn

%: guardian spirit
@: no status effects
A: fangs 2, magic shield, antimagic bite, no potion heal 2
a: no special abilities


You were on level 1 of the Dungeon.
You visited 1 branch of the dungeon, and saw 1 of its levels.

You collected 2240 gold pieces.

Inventory:

Hand Weapons
 a - a +0 rapier (weapon)
 j - the +8 demon blade "Leech" {evervamp, Harm Drain rN+}
   (You acquired it on level 1 of the Dungeon)

   rN:        It protects you from negative energy.
   Drain:     It drains your maximum health when unequipped.
   Harm:      It increases damage dealt and taken.
Missiles
 e - a throwing net {!d}
 s - 8 stones (quivered)
Armour
 b - a +0 scale mail (worn)
 c - a +0 buckler (worn)
Scrolls
 d - 2 scrolls of amnesia {unknown}
 f - 2 scrolls of identify {unknown}
 g - a scroll of blinking {unknown}
 i - a scroll of teleportation {unknown}
 k - a scroll of enchant armour {unknown}
Potions
 h - a potion of mutation {unknown}
 M - 2 potions of might


   Skills:
 + Level 3.0 Fighting
 + Level 2.2 Short Blades
 + Level 2.6 Armour
 + Level 3.0 Shields


You had 2 spell levels left.
You didn't know any spells.
Your spell library was empty.

Dungeon Overview and Level Annotations

Branches:
Dungeon (1/15)

Altars:


Innate Abilities, Weirdness & Mutations

You have extremely sharp teeth.
When hurt, damage is shared between your health and your magic reserves.
Your bite disrupts and absorbs the magic of your enemies.
Potions cannot restore your health.


Message History

You closely miss the goblin. You block the goblin's attack.
You hit the goblin.
You kill the goblin!
The jackal bites you but does no damage.
You miss the jackal. The jackal bites you.
You take 1 damage, and have 15/16 hp.
You barely miss the jackal. You bite the jackal. You drain its power.
The jackal closely misses you. The jackal barely misses you.
You completely miss the jackal.
The jackal bites you but does no damage.
You hit the jackal.
You kill the jackal!
You hit the giant cockroach. You bite the giant cockroach. You drain its power.
The giant cockroach barely misses you. The giant cockroach bites you.
You hit the giant cockroach.
You kill the giant cockroach!
No target in view!
No target in view!
No target in view!
No target in view!
No target in view!
No target in view!
No target in view!
No target in view!
No target in view!
No target in view!
No target in view!
No target in view!
No target in view!
No target in view!
No target in view!
Things that are here:
a +0 dagger; a jackal corpse You now have 35 gold pieces (gained 13).
i - a scroll labelled WUBBUN RUOS Health restored: 16
s - 3 stones (quivered)
j - 3 scrolls labelled RAGIOR NADERHA You see here a +0 whip.
Found a stone staircase leading down.
No target in view!
A ball python comes into view.
You see here a scroll labelled DOJANAYNAA.
A ball python is nearby!
Unknown command.
k - a scroll labelled DOJANAYNAA You throw a stone.
The stone closely misses the ball python.
You throw a stone.
The stone hits the ball python but does no damage.
No target in view!
No target in view!
No target in view!
The ball python closely misses you. The ball python grabs you.
The ball python constricts you.
You hit the ball python.
You kill the ball python!
Your Fighting skill increases to level 3!
Your Shields skill increases to level 3!
You have reached level 3!
Your experience leads to an increase in your attributes!
Increase (s)trength, (i)ntelligence, or (d)exterity?
You feel stronger. x2
Health restored: 20; MP restored: 4 A giant cockroach comes into view.
You see here a ball python corpse.
A giant cockroach is nearby!
You hit the giant cockroach.
You bite the giant cockroach, but do no damage.
The giant cockroach bites you but does no damage.
You barely miss the giant cockroach.
You bite the giant cockroach, but do no damage.
The giant cockroach bites you.
You take 1 damage, and have 19/20 hp.
You closely miss the giant cockroach.
The giant cockroach bites you but does no damage. x2
You hit the giant cockroach.
You kill the giant cockroach!
Health restored: 20 No target in view!
There is a stone staircase leading down here.
There is a stone staircase leading down here.
There is a stone staircase leading down here.
There is a stone staircase leading down here.
s - 8 stones (gained 7)
f - 2 scrolls labelled ISYPAI JAGUE (gained 1)
M - 2 potions of might (gained 1)
You now have 40 gold pieces (gained 5).
You now have 50 gold pieces (gained 10).
You see here a +0 robe.
Done exploring.
Done exploring.
Done exploring.
This is a scroll of acquirement!
Something appears at your feet! Something appears at your feet!
Something appears at your feet!
j - the +8 demon blade "Leech" {evervamp, Harm Drain rN+} You now have 2240 gold pieces (gained

2190). #.# #....# #.#
#.# #.##.# #.. #.#
#.##.# #.#
#.#######.##.# #.#
#.........##.#######.#
#####.#.####.....>...#
#.#.# ##.#.......
#.#.# #.........
#@#.#######..#.###
#.#.......#....# #
#.#######.#..#.### #.#
#.#..##... #.#
#.#....... #.#
####.#....... #.#
#.......####. #.#
#.##.##.# ##
#.####.##.##.#####


There were no monsters in sight!

Vanquished Creatures
  3 bats (D:1)
  2 giant cockroaches (D:1)
  A goblin (D:1)
  2 hobgoblins (D:1)
  6 jackals (D:1)
  2 quokkas (D:1)
  2 ball pythons (D:1)
  A frilled lizard (D:1)
  A rat (D:1)
20 creatures vanquished.

Notes
Turn   | Place    | Note
-------+----------+-------------------------------------------
     0 | D:1      | OTABOTABOTAB the Vine Stalker Fighter began the quest for
                  | the Orb.
     0 | D:1      | Reached XP level 1. HP: 11/11 MP: 2/2
   289 | D:1      | Reached XP level 2. HP: 14/16 MP: 3/3
   293 | D:1      | Reached skill level 2 in Short Blades
   568 | D:1      | Reached skill level 3 in Fighting
   568 | D:1      | Reached skill level 3 in Shields
   568 | D:1      | Reached XP level 3. HP: 20/20 MP: 4/4
   740 | D:1      | Identified 3 scrolls of acquirement
   740 | D:1      | Acquired 996 gold pieces
   741 | D:1      | Acquired 1194 gold pieces
   742 | D:1      | Acquired the +8 demon blade "Leech" {evervamp, Harm Drain
                  | rN+}
   742 | D:1      | Found the +8 demon blade "Leech" {evervamp, Harm Drain rN+}
   744 | D:1      | Quit the game

Illustrated notes

Levels and vault maps discovered:
D:1:      spicycebolla_arrival_ecumenical, layout_loops_ring

Skill      XL: |  1  2 |
---------------+-------+-----
Short Blades   | 2 |  2.2
Fighting       | 3 |  3.0
Shields        | 3 |  3.0
Armour         | |  2.6

Action                     || total
---------------------------++-------
  Melee: Rapier            ||    60
         Bite              ||    16
  Throw: Stone             ||    13
    Use: Scroll            ||     3
 Armour: Scale mail        ||    44
  Dodge: Dodged            ||    38
  Block: Buckler           ||    16

Levels and vault maps discovered:
D:1:      spicycebolla_arrival_ecumenical, layout_loops_ring

Table legend: (Time is in decaauts)
 A = Elapsed time spent in this place.
 B = Non-inter-level travel time spent in this place.
 C = Inter-level travel time spent in this place.
 D = Time resting spent in this place.
 E = Time spent auto-exploring this place.
 F = Levels seen in this place.
 G = Mean time per level.
                   A        B        C        D        E       F      G
               +--------+--------+--------+--------+--------+-----+--------+
         Total |    753 |    753 |      0 |      0 |    638 |   1 |  753.0 |
       Dungeon |    753 |    753 |      0 |      0 |    638 |   1 |  753.0 |
               +--------+--------+--------+--------+--------+-----+--------+

Top non-repeatable levels by time:
     D:1: 753 daAuts

Table legend:
 A = Kills in this place as a percentage of kills in the entire game.
 B = Kills by you in this place as a percentage of kills by you in the entire game.
 C = Kills by friends in this place as a percentage of kills by friends in the entire game.
 D = Other kills in this place as a percentage of other kills in the entire game.
 E = Experience gained in this place as a percentage of experience gained in the entire game.
 F = Experience gained in this place divided by the number of levels of this place that you have seen.
                   A       B       C       D       E      F
               +-------+-------+-------+-------+-------+----------------------
         Total | 100.0 | 100.0 |   N/A |   N/A | 100.0 |  36.0
       Dungeon | 100.0 | 100.0 |   N/A |   N/A | 100.0 |  36.0
               +-------+-------+-------+-------+-------+----------------------
